 Dungeon Crawl Stone Soup version 0.23-a0-767-gdc19b93d68 (webtiles) character file.

66705 Leibowitz the Severer (level 14, -5/132 HPs)
             Began as a Minotaur Fighter on Jan 25, 2019.
             Was the Champion of Trog.
             Slain by an ettin
             ... wielding a +0 dire flail
              (28 damage)
             ... on level 1 of the Orcish Mines.
             The game lasted 01:04:08 (23258 turns).

Leibowitz the Severer (Minotaur Fighter)           Turns: 23258, Time: 01:04:08

Health: -5/132     AC: 18    Str: 25    XL:     14   Next: 80%
Magic:  22/22      EV: 13    Int: 10    God:    Trog [******]
Gold:   1123       SH:  0    Dex: 11    Spells: 13/13 levels left

rFire    + . .     SeeInvis .   Q - +0 battleaxe (flame)
rCold    . . .     Gourm    .   (shield currently unavailable)
rNeg     . . .     Faith    +   M - +2 chain mail {rF+}
rPois    +         Spirit   .   (helmet restricted)
rElec    .         Reflect  .   w - scarf {repulsion}
rCorr    .         Harm     .   z - +0 pair of gloves
MR       +....                  E - +0 pair of boots
Stlth    ..........             o - amulet of faith
HPRegen  0.32/turn              m - ring "Eplajaho" {MP+9 Int+5 Stlth+}
MPRegen  0.18/turn              B - ring of poison resistance

@: repel missiles
A: retaliatory headbutt, horns 2
a: Berserk, Trog's Hand, Brothers in Arms, Renounce Religion


You were on level 1 of the Orcish Mines.
You worshipped Trog.
Trog was exalted by your worship.
You were near starving.

You visited 3 branches of the dungeon, and saw 21 of its levels.
You also visited: Volcano.

You collected 1564 gold pieces.
You spent 441 gold pieces at shops.

Inventory:

Hand Weapons
 a - a +2 battleaxe of electrocution
 Q - a +0 battleaxe of flaming (weapon)
 U - a +2 battleaxe of venom
 Z - a +2 antimagic battleaxe
Armour
 k - a +1 plate armour
 w - a scarf of repulsion (worn)
 z - a +0 pair of gloves (worn)
 E - a +0 pair of boots (worn)
 J - a +0 chain mail of cold resistance
 M - a +2 chain mail of fire resistance (worn)
Jewellery
 l - an uncursed ring of flight
 m - the ring "Eplajaho" (left hand) {MP+9 Int+5 Stlth+}
   (You found it on level 11 of the Dungeon)

   [ring of stealth]

   It affects your intelligence (+5).
   It affects your magic capacity (+9).
   It makes you more stealthy.
 o - an amulet of faith (around neck)
 t - an uncursed ring of resist corrosion
 B - a ring of poison resistance (right hand)
 D - an uncursed ring of protection from magic
 K - an uncursed ring of see invisible
 L - the ring of Bacaxt {*Corrode rC+++ Str+3 Int+5 Dex-4}
   (You found it on level 12 of the Dungeon)

   [ring of intelligence]

   It affects your strength (+3).
   It affects your intelligence (+5).
   It affects your dexterity (-4).
   It renders you almost immune to cold.
   It may corrode you when you take damage.
 W - an uncursed amulet of guardian spirit {unknown}
 Y - a cursed amulet of inaccuracy {unknown}
Wands
 q - a wand of flame (49)
 u - a wand of acid (7)
 v - a wand of disintegration (31)
 x - a wand of polymorph (24)
 y - a wand of scattershot (7)
 G - a wand of iceblast (12)
Scrolls
 c - 3 scrolls of enchant weapon
 e - 17 scrolls of remove curse
 h - 8 scrolls of identify
 j - 10 scrolls of teleportation
 s - 5 scrolls of blinking
 I - 4 scrolls of fear
 V - a scroll of enchant armour
Potions
 d - 4 potions of might
 g - 8 potions of curing
 i - 2 potions of heal wounds
 n - 2 potions of magic
 p - 4 potions of flight
 r - 3 potions of brilliance
 N - 2 potions of haste
 R - a potion of agility
 S - a potion of berserk rage
 T - 5 potions of cancellation
Comestibles
 b - 2 chunks of flesh
 f - 44 rations


   Skills:
 * Level 14.3 Fighting
 * Level 20.2 Axes
   Level 0.2(13.7) Maces & Flails
 * Level 14.1 Armour
 * Level 9.9 Dodging
   Level 3.6 Shields
 + Level 0.1 Evocations


You had 13 spell levels left.
You didn't know any spells.
Your spell library was empty.

Dungeon Overview and Level Annotations

Branches:
Dungeon (14/15)            Temple (0/1) D:6            Lair (6/6) D:10
  Swamp (0/4) Lair:2       Spider (0/4) Lair:3        Slime (0/5) Lair:6
    Orc (1/2) D:10
 Vaults: D:13-14

Altars:
Ashenzari
Cheibriados
Dithmenos
Fedhas
Hepliaklqana
Nemelex Xobeh
Qazlal
Sif Muna
Trog
Uskayaw
Vehumet
Zin
The Shining One
Beogh

Shops:
D:4 ((=   D:5 [   D:8 *?

Annotations:
D:11 2 transporters
Lair:3 exclusion: oklob plant
Lair:6 exclusion: oklob plant


Innate Abilities, Weirdness & Mutations

You reflexively headbutt those who attack you in melee.
You have a pair of horns on your head.


Message History

You barely miss the ettin. You headbutt the ettin!
The ettin is moderately wounded.
The ettin barely misses you. x2
You slice the ettin!! You burn the ettin.
You headbutt the ettin, but do no damage.
The ettin is severely wounded.
You hit the ettin. You burn the ettin.
You headbutt the ettin, but do no damage.
The ettin is severely wounded.
You hit the orc warrior. You burn the orc warrior.
The ettin hits you but does no damage.
The ettin hits you with a +0 great mace!!
* * * LOW HITPOINT WARNING * * *
The orc warrior hits you with a +0 mace!
* * * LOW HITPOINT WARNING * * *
You feel much better.
An orc comes into view. It is wielding a +0 falchion.
The ettin misses you.
The ettin hits you with a +0 great mace!!
You die...

#.... #.....#....
###$...##.#..#.....
#.##.......#..#....
...........$.......
#......#...........
#.......).)))......
....#....))).......
..........))...>...
....#..@..)).......
...#..Co..)).#.....
#.#.$.##...........
#..........^.......
................#..
....####.####o.....
#... ... ..... ##.
.... .#...


You could see an ettin, an orc warrior and an orc.

Vanquished Creatures
  Kirke (D:12)
  A dire elephant (Lair:5)
  A fire dragon (Lair:6)
  4 hydras
  A catoblepas (Lair:5)
  6 centaur warriors
  3 two-headed ogres
  A hell knight (Volcano)
  The ghost of KapersCrawl the Geomancer, a novice DDEE of Vehumet (D:6)
  A lindwurm (Lair:6)
  A wolf spider (Lair:3)
  4 slime creatures (D:12)
  3 cyclopes
  A deep elf mage (D:13)
  2 manticores
  22 elephants
  A centaur zombie (D:10)
  6 black mambas
  3 molten gargoyles
  3 spiny frogs
  3 centaur skeletons
  2 rime drakes
  9 komodo dragons
  4 kobold demonologists
  A yaktaur (Volcano)
  3 trolls
  A hornet (D:9)
  10 blink frogs
  2 tyrant leeches (Lair:2)
  9 dream sheep (Lair:6)
  10 hippogriffs
  A spriggan (Lair:5)
  A human (D:7)
  A wraith (D:14)
  4 redbacks (Lair:3)
  4 wyverns
  7 fire bats
  39 yaks
  4 basilisks
  Grum (D:8)
  A steam dragon (Lair:6)
  6 hogs
  2 vampire mosquitoes (D:14)
  2 swamp worms (Lair:2)
  4 wargs (D:10)
  An acid dragon (D:12)
  9 porcupines
  20 water moccasins
  5 hell hounds (Lair:6)
  5 ice beasts
  15 orc warriors
  3 black bears
  A sky beast (D:14)
  18 centaurs
  15 ogres
  7 wolves
  12 crocodiles
  3 big kobolds (D:12)
  11 bullfrogs
  4 gnoll sergeants
  A water moccasin zombie (D:7)
  4 scorpions
  19 killer bees
  4 howler monkeys (D:7)
  2 electric eels (Lair:2)
  9 crimson imps
  2 bullfrog zombies
  10 lava snakes
  7 jellies
  2 bullfrog skeletons
  10 hounds
  2 gnoll shamans (D:8)
  19 orc priests
  21 orc wizards
  Jessica (D:2)
  Ijyb (D:3)
  Natasha (thrice) (D:3)
  14 worker ants
  2 killer bee zombies
  A hound skeleton (D:5)
  23 gnolls
  11 adders
  2 howler monkey skeletons
  9 shadow imps
  An ooze (D:1)
  An adder skeleton (D:5)
  A worm (D:3)
  2 dart slugs
  9 leopard geckos
  75 orcs
  4 bats
  5 giant cockroaches
  10 hobgoblins
  5 jackals
  10 quokkas
  3 ball pythons
  5 frilled lizards
  5 goblins
  A jackal skeleton (D:8)
  21 kobolds
  A leopard gecko skeleton (D:5)
  A quokka skeleton (D:5)
  18 rats
  3 fungi
  5 plants
691 creatures vanquished.

Vanquished Creatures (others)
  An orc wizard (D:4)
  47 fungi
  7 plants
55 creatures vanquished.

Grand Total: 746 creatures vanquished

Notes
Turn   | Place    | Note
-------+----------+-------------------------------------------
     0 | D:1      | Leibowitz the Minotaur Fighter began the quest for the Orb.
     0 | D:1      | Reached XP level 1. HP: 19/19 MP: 0/0
   112 | D:1      | Reached XP level 2. HP: 27/27 MP: 1/1
   221 | D:1      | Reached XP level 3. HP: 33/33 MP: 2/2
   330 | D:1      | Reached skill level 3 in Axes
   602 | D:2      | Found a glowing golden altar of the Shining One.
   914 | D:2      | Noticed Jessica
   916 | D:2      | Killed Jessica
   916 | D:2      | Reached skill level 1 in Dodging
   916 | D:2      | Reached XP level 4. HP: 21/41 MP: 3/3
  1117 | D:2      | Reached skill level 4 in Axes
  1523 | D:3      | Reached XP level 5. HP: 45/47 MP: 4/4
  1706 | D:3      | Noticed Ijyb
  1708 | D:3      | Noticed Natasha
  1722 | D:3      | Killed Ijyb
  1724 | D:3      | Killed Natasha
  1724 | D:3      | Reached skill level 5 in Axes
  1737 | D:3      | Found a shattered altar of Ashenzari.
  1744 | D:3      | Reached skill level 5 in Armour
  1751 | D:3      | Reached XP level 6. HP: 35/55 MP: 5/5
  2106 | D:3      | Noticed a moth of wrath
  2106 | D:3      | Noticed Natasha
  2122 | D:3      | Killed Natasha
  2139 | D:3      | Found a bloodstained altar of Trog.
  2159 | D:3      | Became a worshipper of Trog the Wrathful
  2251 | D:3      | Noticed Natasha
  2259 | D:3      | Killed Natasha
  2259 | D:3      | Reached skill level 5 in Fighting
  2338 | D:4      | Reached skill level 6 in Axes
  2377 | D:4      | Got a scorched ring mail
  2400 | D:4      | Identified the cursed +1 ring mail of Boroim {SInv} (You
                  | found it on level 4 of the Dungeon)
  2552 | D:4      | Found Mitsoet's Weapon Boutique.
  2556 | D:4      | Bought a cursed -1 broad axe for 1 gold piece
  2634 | D:4      | Found Nifiptid's Weapon Emporium.
  2676 | D:4      | Reached XP level 7. HP: 19/61 MP: 6/6
  2930 | D:4      | Found a hazy altar of Hepliaklqana.
  3019 | D:4      | Reached * piety under Trog
  3155 | D:4      | Found Qaedwublui's Jewellery Shop.
  3268 | D:4      | Reached skill level 7 in Axes
  3625 | D:5      | Entered Level 5 of the Dungeon
  4003 | D:5      | Found a sparkling altar of Nemelex Xobeh.
  4060 | D:5      | Found a glowing silver altar of Zin.
  4060 | D:5      | Found a snail-covered altar of Cheibriados.
  4061 | D:5      | Found a deep blue altar of Sif Muna.
  4313 | D:5      | Reached skill level 8 in Axes
  4348 | D:5      | Reached XP level 8. HP: 28/70 MP: 7/7
  4576 | D:5      | Reached ** piety under Trog
  4733 | D:5      | Found Pisyss's Armour Shop.
  4966 | D:6      | Found a hide-covered altar of Uskayaw.
  4979 | D:6      | Noticed a +0 dagger
  4980 | D:6      | Noticed a +0 dagger
  4995 | D:6      | Found a staircase to the Ecumenical Temple.
  5066 | D:6      | Reached skill level 9 in Axes
  5072 | D:6      | Found a stormy altar of Qazlal.
  5433 | D:6      | Found a runed door.
  5435 | D:6      | Noticed KapersCrawl's ghost (novice DDEE)
  5510 | D:6      | Found a blossoming altar of Fedhas.
  5652 | D:7      | Reached skill level 10 in Axes
  5669 | D:6      | Reached XP level 9. HP: 25/78 MP: 8/8
  6049 | D:7      | Reached skill level 11 in Axes
  6055 | D:7      | Found a shattered altar of Ashenzari.
  6104 | D:7      | Reached *** piety under Trog
  7072 | D:8      | Found a radiant altar of Vehumet.
  7082 | D:8      | Reached skill level 12 in Axes
  7126 | D:8      | Found Sonnisur's General Store.
  7164 | D:8      | Noticed Grum
  7172 | D:8      | Reached XP level 10. HP: 86/88 MP: 9/9
  7180 | D:8      | Reached skill level 5 in Dodging
  7183 | D:8      | Killed Grum
  7465 | D:8      | Found Zippab's Magic Scroll Shop.
  7597 | D:8      | Reached **** piety under Trog
  7819 | D:4      | Bought an uncursed amulet of faith for 440 gold pieces
  7872 | D:6      | Killed KapersCrawl's ghost
  8552 | D:9      | Reached skill level 13 in Axes
  8556 | D:9      | Found a shadowy altar of Dithmenos.
  9005 | D:9      | Reached skill level 10 in Armour
  9011 | D:9      | Reached ***** piety under Trog
  9224 | D:10     | Entered Level 10 of the Dungeon
  9326 | D:10     | Found a staircase to the Orcish Mines.
  9540 | D:10     | Reached XP level 11. HP: 18/97 MP: 10/10
  9889 | D:10     | Found a staircase to the Lair.
 10311 | D:10     | Noticed a two-headed ogre
 10323 | D:10     | Killed a two-headed ogre
 10323 | D:10     | Reached skill level 14 in Axes
 11535 | D:11     | You fall through a shaft for 2 floors!
 11566 | D:13     | HP: 3/99 [cyclops (20)]
 11568 | D:13     | Reached ****** piety under Trog
 11997 | D:13     | Noticed a deep elf mage
 12005 | D:13     | Killed a deep elf mage
 12005 | D:13     | Received a gift from Trog
 12005 | D:13     | Reached skill level 10 in Fighting
 12005 | D:13     | Reached skill level 15 in Axes
 12042 | D:13     | Noticed a centaur warrior
 12055 | D:13     | Killed a centaur warrior
 12599 | D:12     | Reached XP level 12. HP: 107/107 MP: 11/11
 12787 | D:11     | Reached skill level 16 in Axes
 12842 | D:11     | Noticed a centaur warrior
 12848 | D:11     | Killed a centaur warrior
 12851 | D:11     | Got a serpentine wooden ring
 12856 | D:11     | Identified the ring "Eplajaho" {MP+9 Int+5 Stlth+} (You
                  | found it on level 11 of the Dungeon)
 13429 | D:11     | Noticed an orc high priest
 13431 | D:11     | Found a roughly hewn altar of Beogh.
 13431 | D:11     | Found a transporter.
 13585 | D:11     | Found a transporter.
 13588 | D:11     | Noticed a two-headed ogre
 13708 | D:12     | Noticed Kirke
 13724 | D:12     | Killed Kirke
 13832 | D:12     | Got a slimy granite ring
 13884 | D:12     | You fall through a shaft!
 14302 | D:13     | Noticed a two-headed ogre
 14309 | D:13     | Killed a two-headed ogre
 14642 | D:13     | Reached skill level 17 in Axes
 14986 | D:14     | Noticed a centaur warrior
 14996 | D:14     | Killed a centaur warrior
 14998 | D:14     | Received a gift from Trog
 15089 | D:14     | Noticed a centaur warrior
 15094 | D:14     | Killed a centaur warrior
 15111 | D:14     | Noticed a centaur warrior
 15121 | D:14     | Killed a centaur warrior
 15293 | D:14     | Noticed a vault guard
 15298 | D:14     | Noticed a vault guard
 15441 | Lair:1   | Entered Level 1 of the Lair of Beasts
 15489 | Lair:1   | Reached XP level 13. HP: 104/117 MP: 12/12
 16142 | Lair:2   | Found a dark tunnel.
 16151 | Volcano  | Entered a volcano
 16463 | Volcano  | Found a radiant altar of Vehumet.
 16488 | Volcano  | Found a radiant altar of Vehumet.
 16791 | Lair:2   | Received a gift from Trog
 16903 | Lair:2   | Reached skill level 18 in Axes
 17225 | Lair:2   | You fall through a shaft for 2 floors!
 17537 | Lair:4   | Found the +8 whip "Snakebite" {curare, rPois}
 18532 | Lair:3   | Found a hole to the Spider Nest.
 18855 | Lair:3   | Received a gift from Trog
 19480 | Lair:2   | Found a staircase to the Swamp.
 20158 | Lair:5   | Noticed a dire elephant
 20204 | Lair:5   | Reached skill level 19 in Axes
 20223 | Lair:5   | Reached XP level 14. HP: 85/129 MP: 13/13
 20282 | Lair:5   | Identified the +7 scimitar "Transmigrator" {chaos, rF+}
 20773 | Lair:5   | Received a gift from Trog
 21285 | Lair:6   | Entered Level 6 of the Lair of Beasts
 22477 | Lair:6   | Reached skill level 20 in Axes
 22630 | Lair:6   | Found a large runed door.
 22630 | Lair:6   | Found a large runed door.
 22716 | Lair:6   | Received a gift from Trog
 22915 | Lair:6   | Identified the ring of Bacaxt {*Corrode rC+++ Str+3 Int+5
                  | Dex-4} (You found it on level 12 of the Dungeon)
 23211 | Orc:1    | Entered Level 1 of the Orcish Mines
 23258 | Orc:1    | Slain by an ettin

Vault maps used:
D:1:      zaba_arrival_water
D:2:      tso_altar, minmay_quantized, uniq_jessica
D:3:      tgw_trog, first_ration, cheibrodos_ashenzari_chains, uniq_ijyb,
          uniq_natasha
D:4:      lemuel_round_altar, serial_shops, kennysheep_mini_moat, shop, shop
D:5:      nemelex_xobeh_ov_fountains_minmay, gammafunk_temple_overflow_claw,
          serial_shops, nicolae_shop_trees
D:6:      marbit_many_paths, dancing_weapons_uskayaw, fedhas_altar_3,
          minmay_temple_entry_stoned_glass, ebering_ghost_inner_flame
D:7:      hangedman_cross_stitches, lemuel_crystal_altar, grunt_livestock,
          minmay_misc_feat_diagonals
D:8:      vehumet_altar_wand_db, serial_shops, shop, serial_gnoll_camp,
          gnoll_camp_medium_01, gnoll_camp_mini_loothouse,
          gnoll_camp_huts_basic, gnoll_camp_mini_shop, uniq_grum
D:9:      nicolae_dithmenos_through_a_glass_darkly
D:10:     cheibrodos_barr_body, erik_lair_orcish_takeover, david_orc_1_choice
D:11:     gammafunk_beogh_shrine, kennysheep_doodads, hangedman_decor_lopped,
          corner_web_ring, small_chamber_with_monster
D:12:     serial_rivers, chequers_serial_rivers_micro_d,
          chequers_serial_rivers_large_a, chequers_serial_rivers_small_3,
          chequers_serial_rivers_marsh, uniq_kirke
D:14:     lightli_vaults_fourway_checkpoint
Lair:2:   minmay_swamp_entry_worms, enter_volcano_1, infiniplex_staircase_pool
Lair:3:   spider_nest_entry_funnel_web, grunt_megastairs_1, lemuel_fruit_tree,
          serial_bayou_shore_b, minmay_lair_oklob_chamber
Lair:4:   minmay_guarded_unrand_snakebite
Lair:5:   mu_elephants_graveyard
Lair:6:   cheibrodos_lair_end_hotspot, minmay_slime_entry_oklob_enclosed,
          columned_hall_lemuel, serial_bayou_shore_b, lemuel_fruit_fields
Orc:1:    mines1_david, uniq_urug
Volcano:  volcano_grotto

Skill      XL: |  1  2  3  4  5  6  7  8  9 10 11 12 13 14 |
---------------+-------------------------------------------+-----
Fighting       | 4 5 6 7 9 10 11 13 14 | 14.3
Armour         | 4 5 6 7 9 10 11 12 13 14 | 14.1
Axes           | 3 4 5 6 8 10 12 13 15 17 19 20 | 20.2
Dodging        | 1 2 3 4 6 7 8 9 |  9.9
Maces & Flails | |  0.2
Shields        | |  3.6
Evocations     | |  0.1

Action                   |  1- 3 |  4- 6 |  7- 9 | 10-12 | 13-15 || total
-------------------------+-------+-------+-------+-------+-------++-------
Melee: War axe           |    72 |   112 |       |       |       ||   184
       Headbutt          |    11 |    25 |    47 |   150 |   137 ||   370
       Broad axe         |       |    16 |   262 |       |       ||   278
       Unarmed           |       |     9 |       |       |       ||     9
       Battleaxe         |       |       |    34 |   725 |   618 ||  1377
       Whip              |       |       |       |       |    12 ||    12
Invok: Berserk           |       |       |     2 |     6 |     4 ||    12
       Trog's Hand       |       |       |       |       |     1 ||     1
Evoke: Wand              |       |       |       |       |     5 ||     5
  Use: Potion            |       |     1 |       |     6 |     4 ||    11
       Scroll            |       |       |    12 |     7 |     4 ||    23
 Stab: Petrifying        |       |       |       |       |     1 ||     1
  Eat: Chunk             |       |     6 |    16 |    27 |    24 ||    73
       Ration            |       |       |       |     2 |     1 ||     3
Armor: Scale mail        |    39 |     6 |       |       |       ||    45
       Chain mail        |       |    44 |       |       |    22 ||    66
       Ring mail         |       |    25 |    31 |       |       ||    56
       Plate armour      |       |       |   132 |   500 |   331 ||   963
Dodge: Dodged            |    40 |    90 |   149 |   409 |   321 ||  1009
       Deflected         |       |     1 |     3 |    25 |    14 ||    43

Table legend:
 A = Non-vault XP
 B = Vault XP
 C = Vault XP percentage of total XP
 D = Non-vault monster count
 E = Vault monster count
 F = Vault count percentage of total count
                 A         B        C        D         E       F
            +---------+---------+-------+---------+---------+-------
      Total |   62211 |   33083 |  34.7 |     511 |     173 |  25.3
            +---------+---------+-------+---------+---------+-------
        D:1 |      52 |       0 |   0.0 |      28 |       0 |   0.0
        D:2 |      40 |      52 |  56.5 |      19 |       3 |  13.6
        D:3 |     252 |      80 |  24.1 |      22 |       7 |  24.1
        D:4 |     482 |       0 |   0.0 |      30 |       0 |   0.0
        D:5 |     911 |       0 |   0.0 |      32 |       0 |   0.0
        D:6 |     495 |    1095 |  68.9 |      12 |       4 |  25.0
        D:7 |     961 |    1456 |  60.2 |      17 |      13 |  43.3
        D:8 |     933 |    1190 |  56.1 |      32 |      31 |  49.2
        D:9 |    1703 |       0 |   0.0 |      24 |       0 |   0.0
       D:10 |    4178 |    2822 |  40.3 |      46 |      31 |  40.3
       D:11 |    2602 |     923 |  26.2 |      24 |       1 |   4.0
       D:12 |    4829 |    2319 |  32.4 |      34 |       3 |   8.1
       D:13 |    5233 |       0 |   0.0 |      24 |       0 |   0.0
       D:14 |    4600 |     386 |   7.7 |      17 |       2 |  10.5
     Lair:1 |    1136 |       0 |   0.0 |       8 |       0 |   0.0
     Lair:2 |    3363 |     861 |  20.4 |      23 |       4 |  14.8
     Lair:3 |    2816 |    1891 |  40.2 |      14 |       6 |  30.0
     Lair:4 |    5429 |    1561 |  22.3 |      21 |      12 |  36.4
     Lair:5 |    9449 |    6828 |  41.9 |      34 |      13 |  27.7
     Lair:6 |   11115 |    7912 |  41.6 |      36 |      26 |  41.9
      Orc:1 |    1632 |       0 |   0.0 |      14 |       0 |   0.0
    Volcano |       0 |    3707 | 100.0 |       0 |      17 | 100.0
            +---------+---------+-------+---------+---------+-------
